 Dungeon Crawl Stone Soup version 0.23-a0-550-g7de1f8e (webtiles) character file.

37 rgaf the Charmwright (level 3, -4/31 HPs)
             Began as a Gnoll Skald on Dec 8, 2018.
             Slain by a kobold
             ... wielding a +0 short sword
              (5 damage)
             ... on level 1 of the Dungeon.
             The game lasted 00:00:52 (1229 turns).

rgaf the Charmwright (Gnoll Skald)                  Turns: 1229, Time: 00:00:53

Health: -4/31      AC:  3    Str: 14    XL:     3   Next: 39%
Magic:  9/9        EV: 14    Int: 15    God:
Gold:   30         SH:  0    Dex: 14    Spells: 11/12 levels left

rFire    . . .     SeeInvis .   a - +0 spear
rCold    . . .     Gourm    .   (no shield)
rNeg     . . .     Faith    .   b - +0 leather armour
rPois    .         Spirit   .   (no helmet)
rElec    .         Reflect  .   (no cloak)
rCorr    .         Harm     .   (no gloves)
MR       .....                  (no boots)
Stlth    +.........             (no amulet)
HPRegen  0.10/turn              (no ring)
MPRegen  0.11/turn              (no ring)

@: no status effects
A: distributed training, fangs 1, strong nose
a: no special abilities


You were on level 1 of the Dungeon.
You were not hungry.

You visited 1 branch of the dungeon, and saw 2 of its levels.

You collected 30 gold pieces.

Inventory:

Hand Weapons
 a - a +0 spear (weapon)
Armour
 b - a +0 leather armour (worn)
Jewellery
 e - a +4 ring of intelligence {unknown}
 g - an uncursed amulet of the gourmand {unknown}
 h - an uncursed amulet of the acrobat {unknown}
Scrolls
 i - a scroll of enchant weapon {unknown}
 k - a scroll of identify {unknown}
Potions
 c - a potion of invisibility {unknown}
 j - a potion of resistance {unknown}
Comestibles
 d - 6 rations
 f - a chunk of flesh


   Skills:
 + Level 4.5 Fighting
 + Level 0.7 Short Blades
 + Level 0.7 Long Blades
 + Level 0.7 Axes
 + Level 0.7 Maces & Flails
 + Level 4.5 Polearms
 + Level 0.7 Staves
 + Level 0.7 Slings
 + Level 0.7 Bows
 + Level 0.7 Crossbows
 + Level 0.7 Throwing
 + Level 2.6 Armour
 + Level 4.5 Dodging
 + Level 0.7 Stealth
 + Level 0.7 Shields
 + Level 0.7 Unarmed Combat
 + Level 5.0 Spellcasting
 + Level 0.5 Conjurations
 + Level 0.5 Hexes
 + Level 5.4 Charms
 + Level 0.5 Summonings
 + Level 0.5 Necromancy
 + Level 0.5 Translocations
 + Level 0.5 Transmutations
 + Level 0.5 Fire Magic
 + Level 0.5 Ice Magic
 + Level 0.5 Air Magic
 + Level 0.5 Earth Magic
 + Level 0.5 Poison Magic
 + Level 0.9 Invocations
 + Level 0.7 Evocations


You had 11 spell levels left.
You knew the following spells:

 Your Spells              Type           Power        Failure   Level  Hunger
a - Infusion              Chrm           ###.         2%          1    None

Your spell library contained the following spells:

 Spells                   Type           Power        Failure   Level  Hunger
 Song of Slaying          Chrm           ###.....     3%          2    ##.....
 Shroud of Golubria       Chrm/Tloc      ##........   9%          2    ##.....
 Regeneration             Chrm/Necr      ##........   19%         3    ###....
 Spectral Weapon          Hex/Chrm       ##......     19%         3    ###....


Dungeon Overview and Level Annotations

Branches:
Dungeon (2/15)

Altars:
Wu Jian

Annotations:
D:2 Sigmund


Innate Abilities, Weirdness & Mutations

Your experience applies equally to all skills.
You have very sharp teeth.
Your uncanny sense of smell can sniff out nearby items.


Message History

The hobgoblin is heavily wounded.
You barely miss the hobgoblin. You bite the hobgoblin.
The hobgoblin is severely wounded.
The hobgoblin completely misses you.
You hit the hobgoblin.
You kill the hobgoblin!
You barely miss the kobold.
The kobold hits you with a +0 short sword.
* * * LOW HITPOINT WARNING * * *
You hit the kobold but do no damage. Your bite misses the kobold.
The kobold closely misses you.
You hit the kobold but do no damage. You bite the kobold, but do no damage.
The kobold hits you with a +0 short sword.
* * * LOW HITPOINT WARNING * * *
You hit the kobold but do no damage.
The kobold hits you with a +0 short sword.
* * * LOW HITPOINT WARNING * * *
You closely miss the kobold.
The kobold hits you with a +0 short sword.
You die...

'#....##..#...###########.#......
......#.......##.................
......#.......##....[.......#####
......#.......##............#
...####.......##............#
...#######....##............#
..............####'#.#####+######
..............###..........#.....
...........†>.(K@..........#.####
..#........######..........#.#
..'........................#.#
..#........##.##...........#.#
..'.[.........###.........##.#
#.#........##.# #.........##.#
#.#.....[..##.# #.........##.#
#.#........##.# #.........##.#
#.#........##.###.........##.#


You could see a kobold.

Vanquished Creatures
  A dart slug (D:1)
  A leopard gecko (D:2)
  3 bats (D:1)
  3 giant cockroaches (D:1)
  2 goblins (D:1)
  9 hobgoblins (D:1)
  A frilled lizard (D:1)
  4 kobolds
  8 rats
32 creatures vanquished.

Notes
Turn   | Place    | Note
-------+----------+-------------------------------------------
     0 | D:1      | rgaf the Gnoll Skald began the quest for the Orb.
     0 | D:1      | Reached XP level 1. HP: 20/20 MP: 6/6
   297 | D:1      | Reached XP level 2. HP: 26/26 MP: 7/7
   620 | D:1      | Reached XP level 3. HP: 31/31 MP: 9/9
   914 | D:1      | Reached skill level 5 in Spellcasting
  1123 | D:2      | Found an ornate altar of the Wu Jian Council.
  1165 | D:2      | Noticed Sigmund
  1228 | D:1      | HP: 1/31 [kobold/+0 short sword (3)]
  1229 | D:1      | Slain by a kobold

Vault maps used:
D:1:      onia_arrival_larder
D:2:      grunt_temple_overflow_open, lemuel_doored_altar, uniq_sigmund

Skill      XL: |  1  2  3 |
---------------+----------+-----
Spellcasting   | 5 |  5.0
Fighting       | |  4.5
Short Blades   | |  0.7
Long Blades    | |  0.7
Axes           | |  0.7
Maces & Flails | |  0.7
Polearms       | |  4.5
Staves         | |  0.7
Slings         | |  0.7
Bows           | |  0.7
Crossbows      | |  0.7
Throwing       | |  0.7
Armour         | |  2.6
Dodging        | |  4.5
Stealth        | |  0.7
Shields        | |  0.7
Unarmed Combat | |  0.7
Conjurations   | |  0.5
Hexes          | |  0.5
Charms         | |  5.4
Summonings     | |  0.5
Necromancy     | |  0.5
Translocations | |  0.5
Transmutations | |  0.5
Fire Magic     | |  0.5
Ice Magic      | |  0.5
Air Magic      | |  0.5
Earth Magic    | |  0.5
Poison Magic   | |  0.5
Invocations    | |  0.9
Evocations     | |  0.7

Action                   || total
-------------------------++-------
Melee: Spear             ||   108
       Bite              ||    13
 Stab: Sleeping          ||     4
  Eat: Chunk             ||     1
Armor: Leather armour    ||    18
Dodge: Dodged            ||    59

Table legend:
 A = Non-vault XP
 B = Vault XP
 C = Vault XP percentage of total XP
 D = Non-vault monster count
 E = Vault monster count
 F = Vault count percentage of total count
                 A         B        C        D         E       F
            +---------+---------+-------+---------+---------+-------
      Total |      44 |       9 |  17.0 |      25 |       7 |  21.9
            +---------+---------+-------+---------+---------+-------
        D:1 |      38 |       9 |  19.1 |      22 |       7 |  24.1
        D:2 |       6 |       0 |   0.0 |       3 |       0 |   0.0
            +---------+---------+-------+---------+---------+-------
